[Event "Team 45 45 League T75"]
[Site "Internet Chess Club"]
[Date "2018.01.25"]
[Round "6"]
[White "tightfist"]
[Black "mongmong"]
[Result "1-0"]
[WhiteElo "1521"]
[BlackElo "1436"]
[Opening "Réti opening"]
[ECO "A13"]
[Time "20:00:43"]
[TimeControl "2700+45"]

1. Nf3 e6 2. c4 Nf6 3. Nc3 Be7 4. d4 c5 5. e3 cxd4 6. exd4 d6 7. Bd3 O-O 8. O-O
b6 9. Ne4 Bb7 10. Qc2 h6 11. Bf4 Nc6 12. Nxf6+ Bxf6 13. Be3 Nb4 14. Bh7+ Kh8 15.
Qb1 Bxf3 16. gxf3 Nc6 17. Be4 d5 18. cxd5 exd5 19. Bd3 Nb4 20. Rc1 Nxd3 21. Qxd3
Qd7 22. Rc3 Rfc8 23. Rac1 Rxc3 24. Qxc3 Rd8 25. Kg2 Qd6 26. Qc7 Qd7 27. b3 Kg8
28. Qxd7 Rxd7 29. Rc8+ Kh7 30. Kg3 Kg6 31. a4 Kf5 32. Rc6 Be7 33. h3 Bd6+ 34.
Kg2 h5 35. Kg1 g6 36. Kg2 Ke6 37. Bf4 Ke7 38. Bxd6+ Rxd6 39. Rc7+ Rd7 40. Rc6
Rb7 41. h4 Kd7 42. Rf6 Kc8 43. Rd6 Rd7 44. Rc6+ Kb7 45. Rc2 Rc7 46. Rxc7+ Kxc7
47. Kg3 Kd6 48. Kf4 Ke6 49. Kg5 a6 50. b4 Ke7 51. b5 a5 52. f4 Ke6 53. f3 Ke7
54. f5 gxf5 55. Kxf5 f6 56. Kg6 Ke6 57. f4 f5 58. Kg5 {Black resigns} 1-0

[Event "Team 45 45 League T75"]
[Site "Internet Chess Club"]
[Date "2018.01.28"]
[Round "6"]
[White "armand068new"]
[Black "Ajolote"]
[Result "1-0"]
[WhiteElo "1762"]
[BlackElo "1832"]
[Opening "Nimzo-Indian defense"]
[ECO "E20"]
[Time "21:01:06"]
[TimeControl "2700+45"]

1. d4 Nf6 2. c4 e6 3. Nc3 Bb4 4. Bd2 O-O 5. Nf3 d5 6. Qb3 Bxc3 7. Bxc3 dxc4 8.
Qxc4 b6 9. g3 Bb7 10. Bg2 Nbd7 11. O-O Rc8 12. Rfd1 a5 13. Qa4 Nd5 14. Be1 c5
15. a3 cxd4 16. Nxd4 Nc5 17. Qc2 Qf6 18. b4 axb4 19. axb4 Nxb4 20. Bxb4 Ne4 21.
Bxe4 Rxc2 22. Bxc2 Rc8 23. Ra7 e5 24. Nf5 g6 25. Ne7+ Kg7 26. Nxc8 Qc6 27. Rxb7
Qxc2 28. Rdd7 Qb1+ 29. Kg2 Qe4+ 30. Kh3 Kh6 31. Bd2+ Kh5 32. f3 {Black resigns}
1-0

[Event "Team 45 45 League T75"]
[Site "Internet Chess Club"]
[Date "2018.01.28"]
[Round "6"]
[White "JPSVI"]
[Black "VictorRed"]
[Result "1/2-1/2"]
[WhiteElo "1428"]
[BlackElo "1736"]
[Opening "Queen's pawn game"]
[ECO "D02"]
[Time "23:14:16"]
[TimeControl "2700+45"]

1. d4 d5 2. Nf3 e6 3. c4 Nf6 4. g3 Bb4+ 5. Bd2 Qe7 6. c5 Bxd2+ 7. Nbxd2 Nc6 8.
e3 O-O 9. Be2 e5 10. Nb3 e4 11. Nh4 Bh3 12. Bf1 Bg4 13. Qd2 a5 14. a4 g5 15. Ng2
Bf3 16. Rg1 Ng4 17. h4 f6 18. Bb5 Nh2 19. Qc3 Bxg2 20. Rxg2 Nf3+ 21. Ke2 g4 22.
Bxc6 bxc6 23. Nxa5 Ra6 24. Qb3 Rfa8 25. Nb7 Rb8 26. a5 Qd7 27. Ra4 Qc8 28. Rb4
Rba8 29. Qa4 Rb8 30. Qb3 Rba8 31. Qa4 Rb8 32. Qb3 Rba8 33. Qa4 {Game drawn by
repetition} 1/2-1/2

[Event "Team 45 45 League T75"]
[Site "Internet Chess Club"]
[Date "2018.01.27"]
[Round "6"]
[White "drsigmund1"]
[Black "fireball"]
[Result "1-0"]
[WhiteElo "1507"]
[BlackElo "1571"]
[Opening "Queen's pawn: London system"]
[ECO "A45"]
[Time "14:02:20"]
[TimeControl "2700+45"]

1. d4 Nf6 2. Bf4 d5 3. e3 Bf5 4. Nd2 e6 5. Ngf3 c5 6. c3 Nc6 7. Be2 Bd6 8. Ne5
Bxe5 9. dxe5 Nd7 10. Nf3 Qc7 11. Bb5 a6 12. Bxc6 Qxc6 13. h3 h6 14. O-O g5 15.
Bg3 O-O-O 16. b4 Rdg8 17. bxc5 Nxc5 18. Nd4 Qd7 19. Nxf5 exf5 20. Qd4 Ne6 21.
Qb4 h5 22. c4 f4 23. exf4 gxf4 24. Bh4 Ng5 25. Qc5+ Kb8 26. Kh2 f3 27. Bxg5 Rxg5
28. g3 Rxe5 29. Qd4 f6 30. Qf4 Qf5 31. Qd4 dxc4 32. Qxc4 Rc8 33. Qb4 Re2 34.
Rab1 Rc7 35. Rbd1 Rcc2 36. Rd8+ Ka7 37. Qd4+ Qc5 38. Qxc5+ Rxc5 39. Rd3 Rf5 40.
a4 Ra2 41. Rd4 Kb6 42. g4 hxg4 43. hxg4 Ra5 44. Rd6+ Ka7 45. Rxf6 R5xa4 46. Kg3
Rd2 47. Kxf3 Rdd4 48. Rg1 Ra3+ 49. Ke2 Rb4 50. g5 Rb2+ 51. Kf1 Ra1+ 52. Kg2
Rxg1+ 53. Kxg1 Rd2 54. g6 Rd8 55. g7 Rg8 56. Rg6 a5 57. Rg3 a4 58. f4 b5 59. f5
Ka6 60. f6 b4 61. f7 Rxg7 62. Rxg7 a3 63. f8=Q Ka5 64. Qa8+ {Black resigns} 1-0

[Event "Team 45 45 League T75"]
[Site "Internet Chess Club"]
[Date "2018.02.03"]
[Round "6"]
[White "Skeptic1972"]
[Black "guyd52"]
[Result "1-0"]
[WhiteElo "1455"]
[BlackElo "1272"]
[Opening "Pirc: classical system, 5.Be2"]
[ECO "B06"]
[Time "07:00:12"]
[TimeControl "2700+45"]

1. e4 g6 2. d4 Bg7 3. Nf3 d6 4. Nc3 Nf6 5. Be2 O-O 6. O-O Nbd7 7. Be3 e5 8. h3
c6 9. Qd2 Re8 10. dxe5 Nxe5 11. Rad1 Nxf3+ 12. Bxf3 Re6 13. Bf4 d5 14. exd5 Nxd5
15. Nxd5 cxd5 16. Bxd5 Re8 17. Bxf7+ Kxf7 18. Qxd8 Rxd8 19. Rxd8 Bxb2 20. Re1
Bf6 21. Rde8 Bc3 22. R1e7+ Kf6 23. Rc7 Kf5 24. Rxc3 Kxf4 25. Rcxc8 Rxc8 26. Rxc8
Ke4 27. Rc7 b5 28. Rxa7 Kd4 29. Rc7 h5 30. g4 b4 31. gxh5 gxh5 32. f4 Kd5 33.
Rb7 Kc5 34. f5 h4 35. f6 Kc6 36. Rxb4 Kd7 37. f7 Ke7 38. Rf4 Kf8 39. Rxh4 Kxf7
40. Rb4 Ke7 41. Rb3 Kd7 42. a4 Kd6 43. a5 Kd5 44. a6 Ke4 45. a7 Kf5 46. a8=Q Ke5
47. Qa4 Kf6 48. Qa5 Ke6 49. Rb6+ Kd7 50. Qa7+ Kc8 51. Rb8# {Black checkmated}
1-0

[Event "Team 45 45 League T75"]
[Site "Internet Chess Club"]
[Date "2018.01.27"]
[Round "6"]
[White "zap2"]
[Black "tuotuo123"]
[Result "1/2-1/2"]
[WhiteElo "1719"]
[BlackElo "1544"]
[Opening "Grünfeld: exchange variation"]
[ECO "D85"]
[Time "11:07:24"]
[TimeControl "2700+45"]

1. c4 Nf6 2. Nc3 g6 3. d4 d5 4. cxd5 Nxd5 5. e4 Nb6 6. Be3 Bg7 7. Be2 O-O 8. Nf3
Nc6 9. O-O Bd7 10. Qd2 e5 11. d5 Na5 12. Bxb6 axb6 13. b4 {Game drawn by mutual
agreement} 1/2-1/2

[Event "Team 45 45 League T75"]
[Site "Internet Chess Club"]
[Date "2018.01.26"]
[Round "6"]
[White "kwen2008"]
[Black "elessar"]
[Result "1/2-1/2"]
[WhiteElo "1502"]
[BlackElo "1587"]
[Opening "Petrov: Nimzovich attack"]
[ECO "C42"]
[Time "13:01:14"]
[TimeControl "2700+45"]

1. e4 e5 2. Nf3 Nf6 3. Nxe5 d6 4. Nf3 Nxe4 5. Nc3 Nf6 6. Be2 Be7 7. O-O O-O 8.
d3 Re8 9. d4 Nc6 10. h3 h6 11. Be3 d5 12. Bf4 Bd6 13. Bxd6 Qxd6 14. Re1 a6 15.
a3 Bf5 16. Bd3 Rxe1+ 17. Nxe1 Nxd4 18. Bxf5 Nxf5 19. Nf3 Re8 20. Nd4 Nxd4 21.
Qxd4 c5 22. Qd2 d4 23. Ne2 Qe6 24. Re1 Qc6 25. c3 dxc3 26. Nxc3 Rxe1+ 27. Qxe1
b5 28. Qd2 Qd7 29. Qe2 Qe6 30. Qd2 Qd7 31. Qe2 c4 32. Kf1 Qd6 33. Kg1 Qf4 34.
Qe1 Qd4 35. Kh1 Kf8 36. Kg1 Nd5 37. Nxd5 Qxd5 38. Qa5 Qd1+ 39. Kh2 Qd6+ 40. Kg1
Kg8 41. Kh1 Qf6 42. Qd2 Qb6 43. Kg1 Qg6 44. Qd1 Qb6 45. Qe2 Qe6 46. Qd2 Qb6 47.
Qe2 Qf6 48. Qd2 a5 49. Qe2 Qe6 50. Qd2 Qb6 {Game drawn by mutual agreement}
1/2-1/2

[Event "Team 45 45 League T75"]
[Site "Internet Chess Club"]
[Date "2018.01.27"]
[Round "6"]
[White "Hal2001"]
[Black "dinosaurchess"]
[Result "1-0"]
[WhiteElo "1538"]
[BlackElo "1336"]
[Opening "Giuoco Piano"]
[ECO "C54"]
[Time "12:34:01"]
[TimeControl "2700+45"]

1. e4 e5 2. Nf3 Nc6 3. Bc4 Bc5 4. c3 Nf6 5. d3 d6 6. Bb3 h6 7. Nbd2 Bg4 8. h3
Bh5 9. Nf1 O-O 10. Ng3 Bg6 11. O-O a6 12. Nh4 Bh7 13. Nhf5 Qd7 14. Qf3 Ne7 15.
Be3 Ba7 16. Nxh6+ gxh6 17. Qxf6 Ng6 18. Nh5 Bxe3 19. Qg7# {Black checkmated} 1-0

[Event "Team 45 45 League T75"]
[Site "Internet Chess Club"]
[Date "2018.01.27"]
[Round "6"]
[White "skywise"]
[Black "Constrictor"]
[Result "1-0"]
[WhiteElo "1629"]
[BlackElo "1556"]
[Opening "Caro-Kann: advance variation"]
[ECO "B12"]
[Time "15:11:47"]
[TimeControl "2700+45"]

1. e4 c6 2. d4 d5 3. e5 Bf5 4. Nf3 e6 5. Nbd2 Ne7 6. h3 Nd7 7. Nb3 Bg6 8. Be2
Nf5 9. O-O c5 10. c4 dxc4 11. Bxc4 a6 12. Qe2 cxd4 13. Nbxd4 Nb6 14. Nxf5 Bxf5
15. Rd1 Qc7 16. Bb3 Bc5 17. Be3 Bxe3 18. Qxe3 Nd7 19. Rac1 Qb6 20. Ba4 Qxe3 21.
Bxd7+ Ke7 22. fxe3 Rhd8 23. Ba4 b5 24. Bb3 {Black resigns} 1-0

[Event "Team 45 45 League T75"]
[Site "Internet Chess Club"]
[Date "2018.01.28"]
[Round "6"]
[White "viktory"]
[Black "kllrchris"]
[Result "1-0"]
[WhiteElo "1680"]
[BlackElo "1689"]
[Opening "King's Indian: 4.e4"]
[ECO "E70"]
[Time "21:11:03"]
[TimeControl "2700+45"]

1. d4 Nf6 2. c4 g6 3. Nc3 Bg7 4. e4 d6 5. Bd3 O-O 6. Nge2 Nc6 7. O-O Nh5 8. Be3
e5 9. d5 Nd4 10. Bxd4 exd4 11. Nb5 c5 12. dxc6 bxc6 13. Nbxd4 Qb6 14. Bc2 Ba6
15. Bb3 Rae8 {Black resigns} 1-0

[Event "Team 45 45 League T75"]
[Site "Internet Chess Club"]
[Date "2018.01.25"]
[Round "6"]
[White "isaacdp"]
[Black "JohLeb"]
[Result "1/2-1/2"]
[WhiteElo "1495"]
[BlackElo "1610"]
[Opening "QGD: Marshall defense"]
[ECO "D06"]
[Time "14:00:41"]
[TimeControl "2700+45"]

1. d4 d5 2. c4 Nf6 3. cxd5 Nxd5 4. e4 Nf6 5. Nc3 g6 6. Bc4 Bg7 7. Nge2 O-O 8.
O-O a6 9. a4 c6 10. e5 Nd5 11. Nxd5 cxd5 12. Bd3 Nc6 13. Bd2 Be6 14. Bc3 Qd7 15.
b4 Rfc8 16. b5 axb5 17. axb5 Rxa1 18. Qxa1 Nd8 19. Qb2 Bf5 20. Nc1 Bxd3 21. Nxd3
Ne6 22. Qb4 Rc4 23. Qb2 b6 24. Rc1 Ng5 25. f4 Ne4 26. Be1 Qc7 27. Kf1 Rxc1 28.
Qxc1 Qxc1 29. Nxc1 e6 30. Nd3 Bf8 31. Ke2 Kg7 32. Ke3 f6 33. Nb2 fxe5 34. dxe5
Bc5+ 35. Kf3 Bd4 36. Na4 Kf7 37. Ke2 Ke7 38. Kd3 Bc5 39. Nc3 Nxc3 40. Kxc3 Kd7
41. g4 Be3 42. Bg3 h6 43. Kd3 Bc5 44. h4 Ke7 45. g5 h5 46. Ke2 {Game drawn by
mutual agreement} 1/2-1/2

[Event "Team 45 45 League T75"]
[Site "Internet Chess Club"]
[Date "2018.01.23"]
[Round "6"]
[White "suicidepawn"]
[Black "krysto"]
[Result "1-0"]
[WhiteElo "1838"]
[BlackElo "1558"]
[Opening "French: classical, Steinitz variation"]
[ECO "C14"]
[Time "20:06:22"]
[TimeControl "2700+45"]

1. e4 e6 2. d4 d5 3. Nc3 Nf6 4. Bg5 Be7 5. e5 Nfd7 6. Bxe7 Qxe7 7. f4 a6 8. Nf3
c5 9. dxc5 Qxc5 10. Qd4 Nc6 11. Qxc5 Nxc5 12. O-O-O Bd7 13. Be2 b5 14. Bd3 b4
15. Ne2 a5 16. Ned4 Nxd4 17. Nxd4 a4 18. h4 Ke7 19. g4 h6 20. f5 Rhc8 21. Kb1
Nxd3 22. Rxd3 Rc4 23. Rf1 g6 24. fxg6 fxg6 25. Rf6 Rf8 26. g5 h5 27. Rxf8 Kxf8
28. b3 axb3 29. axb3 Rc8 30. Kb2 Ke7 31. Rf3 Be8 32. c3 bxc3+ 33. Rxc3 Rxc3 34.
Kxc3 Bd7 35. Kb4 Kd8 36. Ka5 Kc7 37. Ka6 Kb8 38. Kb6 Kc8 39. b4 Kb8 40. b5 Kc8
41. Ka7 Bxb5 42. Nxb5 Kd7 43. Kb6 {Black resigns} 1-0

[Event "Team 45 45 League T75"]
[Site "Internet Chess Club"]
[Date "2018.01.28"]
[Round "6"]
[White "scostanzo212"]
[Black "ILRE"]
[Result "0-1"]
[WhiteElo "1452"]
[BlackElo "1623"]
[Opening "Dutch defense, Rubinstein variation"]
[ECO "A40"]
[Time "13:02:34"]
[TimeControl "2700+45"]

1. d4 e6 2. c4 f5 3. Nc3 Nf6 4. Nf3 Bb4 5. e3 O-O 6. Bd3 b6 7. O-O Bb7 8. a3
Bxc3 9. bxc3 Ne4 10. Qc2 d6 11. Ne1 Nd7 12. f3 Nef6 13. Bd2 a5 14. a4 Qe7 15. e4
fxe4 16. fxe4 e5 17. d5 Nc5 18. Be3 Nxd3 19. Qxd3 h6 20. Nf3 Kh7 21. Ra2 Bc8 22.
h3 Bd7 23. Nd2 Nh5 24. Rxf8 Rxf8 25. Kh2 Qh4 26. Nf1 Nf4 27. Qd1 g5 28. Bf2 Qh5
29. Qxh5 Nxh5 30. g4 Nf4 31. Ne3 Nd3 32. Nf5 Nxf2 33. Rxf2 Bxa4 34. Rb2 Bd1 35.
Kg3 a4 36. Ra2 Bb3 37. Ra3 Ra8 38. Ne3 Ra5 39. Kf2 Rc5 40. Kf3 Kg6 41. Kf2 b5
42. cxb5 Rxb5 43. Ke1 Rc5 44. Kd2 c6 45. dxc6 Rxc6 46. Kd3 Rc5 47. Kd2 Ra5 48.
Kd3 h5 49. Nc4 Ra6 50. Ne3 hxg4 51. hxg4 Kf6 52. Kd2 Be6 53. Kc2 Bd7 54. Nd5+
Kf7 55. Kd3 Bxg4 56. Nb4 Ra8 57. Nd5 Bd1 58. Nb6 Ra6 59. Nc4 Bb3 60. Nd2 Be6 61.
Nf3 Kg6 62. Ke3 g4 63. Nh2 Kg5 64. Nf1 Bd7 65. Ng3 Rb6 66. Ne2 Rb3 67. Ra1 Rb2
68. c4 Rb3+ 69. Kf2 Bc6 {White resigns} 0-1

[Event "Team 45 45 League T75"]
[Site "Internet Chess Club"]
[Date "2018.01.27"]
[Round "6"]
[White "bennywins"]
[Black "Arthurhon"]
[Result "1-0"]
[WhiteElo "1508"]
[BlackElo "1437"]
[Opening "Caro-Kann: classical variation"]
[ECO "B18"]
[Time "20:01:14"]
[TimeControl "2700+45"]

1. e4 c6 2. d4 d5 3. Nc3 dxe4 4. Nxe4 Bf5 5. Ng3 Bg6 6. Bc4 Nd7 7. Nf3 Ngf6 8.
Nh4 e6 9. Nxg6 hxg6 10. Bg5 Bd6 11. Qe2 O-O 12. h4 Qa5+ 13. c3 Nh7 14. Be3 Ndf6
15. h5 gxh5 16. Nxh5 Rfd8 17. O-O-O b5 18. Bb3 Rac8 19. Qf3 c5 20. Nxf6+ Nxf6
21. Qh3 Kf8 22. dxc5 Be7 23. Qh8+ Ng8 24. Bd4 Rxd4 25. Rxd4 Bxc5 26. Rf4 Ke7 27.
Qxg7 Rf8 28. Rh8 Qc7 29. Rf3 Ke8 30. Rxg8 Qe7 31. Rxf8+ Qxf8 32. Qxf8+ Bxf8 33.
Kd2 Ke7 34. a4 bxa4 35. Bxa4 Kd6 36. Rxf7 Bh6+ 37. Kd3 e5 38. Rxa7 Kd5 39. Ra5+
Ke6 40. Ra6+ Kf5 41. Rxh6 Kf4 42. g3+ Kf3 43. Bd7 Kxf2 44. g4 Ke1 45. Rh2 Kd1
46. Rh1# {Black checkmated} 1-0

[Event "Team 45 45 League T75"]
[Site "Internet Chess Club"]
[Date "2018.01.27"]
[Round "6"]
[White "Pawnchain"]
[Black "chesskix"]
[Result "1-0"]
[WhiteElo "1371"]
[BlackElo "1454"]
[Opening "Sicilian: Grand Prix attack"]
[ECO "B23"]
[Time "12:01:07"]
[TimeControl "2700+45"]

1. e4 c5 2. Nc3 Nc6 3. f4 e6 4. Nf3 Nf6 5. Bb5 Be7 6. Bxc6 bxc6 7. d3 O-O 8. O-O
d6 9. e5 Nd5 10. Ne4 dxe5 11. Nxe5 Qb6 12. Kh1 Qc7 13. b3 f5 14. Ng3 Nf6 15. Be3
Nd5 16. Bd2 Bf6 17. Rb1 Ne7 18. Qe2 a5 19. a4 Nd5 20. Rbe1 Nb4 21. Bc3 Nd5 22.
Bd2 Ba6 23. Qf2 Be7 24. Nc4 Bc8 25. Nh5 Nf6 26. Ng3 Ng4 27. Qe2 Bh4 28. Rf3 Bd7
29. Bc3 Bf6 30. Bxf6 Nxf6 31. Qe3 Qa7 32. h3 Nd5 33. Qe2 Rf6 34. Ne5 Rh6 35. Qf2
Rd8 36. Nf1 Nf6 37. Ng3 Ng4 38. Qe2 Nxe5 39. Qxe5 Qb6 40. Qc3 Bc8 41. Nf1 Qb4
42. Qxb4 cxb4 43. Nd2 c5 44. Nc4 Bb7 45. Rfe3 Ba8 46. Kg1 Rg6 47. R1e2 Rd4 48.
Rxe6 Rxf4 49. Re8+ {Black resigns} 1-0

[Event "Team 45 45 League T75"]
[Site "Internet Chess Club"]
[Date "2018.02.01"]
[Round "6"]
[White "limeinthecoke"]
[Black "janh"]
[Result "1-0"]
[WhiteElo "1652"]
[BlackElo "1891"]
[Opening "English: three knights system"]
[ECO "A27"]
[Time "21:16:54"]
[TimeControl "2700+45"]

1. c4 Nc6 2. Nc3 e5 3. Nf3 Bc5 4. e3 a6 5. d4 exd4 6. exd4 Ba7 7. d5 Nce7 8. Bd3
d6 9. O-O Bg4 10. Ne4 Qd7 11. b4 Ng6 12. h3 Bf5 13. Bb2 f6 14. Re1 Ne5 15. Nc5
Bxc5 16. bxc5 Bxd3 17. Qxd3 Ne7 18. Nxe5 fxe5 19. f4 O-O 20. fxe5 dxe5 21. Bxe5
Ng6 22. Bg3 Rf7 23. Rf1 Raf8 24. Rxf7 Rxf7 25. Re1 Re7 26. Rxe7 Nxe7 27. d6 Nf5
28. Qd5+ {Black resigns} 1-0

[Event "Team 45 45 League T75"]
[Site "Internet Chess Club"]
[Date "2018.01.28"]
[Round "6"]
[White "kabindra"]
[Black "ivanson"]
[Result "1/2-1/2"]
[WhiteElo "1650"]
[BlackElo "1753"]
[Opening "Scotch gambit: Dubois-Réti defense"]
[ECO "C55"]
[Time "15:01:23"]
[TimeControl "2700+45"]

1. e4 e5 2. Nf3 Nc6 3. Bc4 Nf6 4. d4 exd4 5. e5 Ne4 6. Qe2 Nc5 7. Ng5 Ne6 8.
Nxe6 dxe6 9. O-O Be7 10. f4 O-O 11. Nd2 Na5 12. Bd3 c5 13. Qe4 g6 14. b3 Qd5 15.
Qe2 Nc6 16. a3 b6 17. Be4 Qd7 18. Bf3 Bb7 19. Ne4 Na5 20. Nf6+ Bxf6 21. exf6
Bxf3 22. Rxf3 Qd8 23. Qe5 Qd5 24. Bd2 Nc6 25. Qe2 Qf5 26. h4 Qxf6 27. h5 d3 28.
Rxd3 Qxa1+ 29. Kh2 Qf6 30. c3 Rfd8 31. Rh3 Rd5 32. hxg6 fxg6 33. Rg3 Rad8 34.
Be3 Rd1 35. Qg4 Qxc3 36. Qxe6+ Kg7 37. f5 Qe1 38. Rxg6+ hxg6 39. Qxg6+ Kh8 40.
Qh6+ {Game drawn by mutual agreement} 1/2-1/2

[Event "Team 45 45 League T75"]
[Site "Internet Chess Club"]
[Date "2018.01.26"]
[Round "6"]
[White "Demachaeron"]
[Black "QuieroAprender"]
[Result "1-0"]
[WhiteElo "1645"]
[BlackElo "1553"]
[Opening "QGA: 3.Nf3"]
[ECO "D21"]
[Time "20:08:22"]
[TimeControl "2700+45"]

1. d4 d5 2. c4 dxc4 3. Nf3 Bf5 4. Nc3 Nf6 5. e3 Nbd7 6. Bxc4 Nb6 7. Bb3 e6 8.
O-O c6 9. Re1 Bb4 10. Bd2 O-O 11. a3 Ba5 12. Ba2 Bxc3 13. bxc3 Ne4 14. h3 h6 15.
Rc1 c5 16. Ne5 f6 17. Nf3 c4 18. Nh2 Qd6 19. Bb1 Nxf2 20. Kxf2 Bxb1 21. Rxb1
Qxh2 22. Qf3 Qc7 23. e4 f5 24. Kg1 Rae8 25. Rb5 fxe4 26. Qxe4 Nd5 27. Reb1 b6
28. a4 Qg3 29. Qe1 Qd3 30. R5b2 Rf6 31. Rd1 Ref8 32. Kh2 Rf1 33. Qxe6+ Kh8 34.
Rxf1 Rxf1 35. Qxd5 Rf2 36. Bc1 Rf1 37. Bxh6 gxh6 38. Qe5+ Kg8 39. Re2 Rf7 40.
Re3 Qc2 41. Rg3+ Kh7 42. Qd5 Qf5 43. Qxc4 Qf4 44. Qd3+ Kh8 45. Qe3 Qd6 46. Qe8+
Rf8 47. Qg6 Qxg6 48. Rxg6 Kh7 49. Rc6 Rf7 50. c4 Rf4 51. d5 Rd4 52. Kg3 h5 53.
Kf3 Kg7 54. Ke3 Rd1 55. a5 b5 56. cxb5 Rxd5 57. Rc7+ Kf6 58. Rb7 Ke5 59. b6 Rxa5
60. bxa7 Ra3+ 61. Kf2 h4 62. Rb4 Rxa7 63. Rxh4 Rf7+ 64. Ke3 Rg7 65. g4 Rf7 66.
Rh5+ Ke6 67. Ke4 Rf2 68. Re5+ Kd6 69. Rf5 Rh2 70. Rh5 Ke6 71. h4 Kf6 72. Rf5+
Kg6 73. h5+ Kg7 74. Kf4 Re2 75. Re5 Rg2 76. Kg5 Rc2 77. h6+ Kh7 78. Re7+ Kh8 79.
Kg6 Rc6+ 80. Kh5 Rc5+ 81. g5 Kg8 82. Re6 Kh7 83. Kg4 Rb5 84. Kf4 Rb6 85. Rxb6
{Black resigns} 1-0

[Event "Team 45 45 League T75"]
[Site "Internet Chess Club"]
[Date "2018.01.27"]
[Round "6"]
[White "fishhead"]
[Black "PolishRyszard"]
[Result "1-0"]
[WhiteElo "1794"]
[BlackElo "1786"]
[Opening "King's pawn opening"]
[ECO "B07"]
[Time "16:05:50"]
[TimeControl "2700+45"]

1. e4 d6 2. f4 Nf6 3. Nc3 e5 4. Nf3 Nbd7 5. d4 c6 6. Bd3 Be7 7. O-O Qc7 8. Kh1
exd4 9. Nxd4 Nc5 10. f5 Bd7 11. Bf4 O-O-O 12. Qf3 Nxd3 13. cxd3 Qb6 14. Nb3 c5
15. Rac1 Rhe8 16. d4 Bc6 17. Nd5 Nxd5 18. exd5 Bb5 19. dxc5 dxc5 20. Rfd1 c4 21.
Nd4 Bc5 22. Nxb5 Qxb5 23. b3 cxb3 24. Qxb3 Qb6 25. Qc4 Kd7 26. Qxc5 Re2 27. Qxb6
axb6 28. Rc7+ Ke8 29. h3 Re7 30. Rc2 Red7 31. d6 Ra8 32. Rb1 Ra4 33. Bh2 Rd4 34.
Rc8+ Rd8 35. Re1+ Kd7 36. Rc7# {Black checkmated} 1-0

[Event "Team 45 45 League T75"]
[Site "Internet Chess Club"]
[Date "2018.01.27"]
[Round "6"]
[White "ChessRooklift"]
[Black "room-matt"]
[Result "0-1"]
[WhiteElo "1665"]
[BlackElo "1790"]
[Opening "Nimzovich-Larsen attack: classical variation"]
[ECO "A01"]
[Time "10:37:27"]
[TimeControl "2700+45"]

1. b3 d5 2. Bb2 Nf6 3. Nf3 Nc6 4. e3 e6 5. c4 Be7 6. cxd5 exd5 7. Nc3 O-O 8. Rc1
d4 9. exd4 Nxd4 10. Nxd4 Qxd4 11. Be2 Rd8 12. Na4 Qd6 13. O-O Ne8 14. Re1 Bg5
15. Bf3 c6 16. Qe2 Nf6 17. Be5 Qb4 18. Bc3 Qd6 19. Be5 Qb4 20. Bc7 Rd4 21. Qe5
Bf4 22. Ba5 Bxe5 23. Bxb4 Bxh2+ 24. Kxh2 Rh4+ 25. Kg1 Rxb4 26. Re3 Rd4 27. d3
Kf8 28. Nc5 Rb8 29. Kf1 b6 30. Na4 c5 31. Nb2 Bg4 32. Bc6 Rd6 33. Bb5 Rbd8 34.
Rce1 Be6 35. f3 Nd5 36. Re5 Nc3 37. Ba6 Nxa2 38. f4 Bxb3 39. Bb5 Be6 40. f5 Bd7
41. Bc4 Nb4 42. Re7 Rf6 43. g4 Nc6 44. R7e3 g6 45. Kg2 gxf5 46. Rh1 Kg8 47. Reh3
fxg4 48. Rxh7 Bf5 49. Rh8+ Kg7 50. Rxd8 Nxd8 51. Re1 b5 52. Bxb5 Rb6 53. Nc4
Rxb5 54. Nd6 Rb2+ 55. Kg3 Bxd3 56. Kxg4 Rb4+ 57. Kh5 Ne6 58. Nf5+ Bxf5 59. Rg1+
Bg6+ 60. Rxg6+ fxg6# {White checkmated} 0-1

[Event "Team 45 45 League T75"]
[Site "Internet Chess Club"]
[Date "2018.01.28"]
[Round "6"]
[White "LinceHispano44"]
[Black "cpic2363"]
[Result "1-0"]
[WhiteElo "1737"]
[BlackElo "1564"]
[Opening "Scandinavian defense"]
[ECO "B01"]
[Time "12:00:24"]
[TimeControl "2700+45"]

1. e4 d5 2. exd5 Qxd5 3. Nc3 Qa5 4. d4 Nf6 5. Nf3 Bf5 6. Ne5 c6 7. Bc4 e6 8. O-O
Nbd7 9. Nxd7 Nxd7 10. Re1 Bd6 11. Qe2 O-O-O 12. a3 Qc7 13. h3 g5 14. b4 Nb6 15.
Bd3 Rde8 16. b5 c5 17. Bxg5 Bxd3 18. cxd3 Rhg8 19. dxc5 Bh2+ 20. Kh1 Rxg5 21.
cxb6 axb6 22. Ne4 Rc5 23. Nxc5 bxc5 24. d4 Rg8 25. Rac1 Qf4 26. Rxc5+ Kb8 27.
Qe5+ Qxe5 28. dxe5 Bf4 29. b6 Rd8 30. g3 Bg5 31. Rc7 {Black resigns} 1-0

[Event "Team 45 45 League T75"]
[Site "Internet Chess Club"]
[Date "2018.01.29"]
[Round "6"]
[White "Konstantinos"]
[Black "Goli"]
[Result "1/2-1/2"]
[WhiteElo "1660"]
[BlackElo "1701"]
[Opening "Benoni defense"]
[ECO "A56"]
[Time "14:06:51"]
[TimeControl "2700+45"]

1. d4 Nf6 2. c4 c5 3. Nc3 cxd4 4. Qxd4 g6 5. Nf3 Bg7 6. Qd1 O-O 7. e3 Nc6 8. Be2
d6 9. O-O a6 10. Nd2 Bf5 11. Bf3 Rc8 12. Re1 Qc7 13. e4 Be6 14. Nd5 Bxd5 15.
exd5 Nd4 16. Rb1 Nxf3+ 17. Qxf3 Rfe8 18. b3 Nd7 19. Bb2 Bxb2 20. Rxb2 Ne5 21.
Qg3 Qb6 22. Qe3 Qb4 23. Reb1 Kg7 24. Nf3 Nxf3+ 25. Qxf3 b5 26. cxb5 axb5 27. Rd1
Rc7 28. g3 Rec8 29. Re2 Rc3 30. Rd3 Rxd3 31. Qxd3 Rc7 32. Rc2 Rc5 33. Re2 Rc7
34. Rc2 Qe1+ 35. Kg2 Rxc2 36. Qxc2 b4 37. Qd3 Qc3 38. Qe4 Kf8 39. Qh4 h5 40. Qf4
Ke8 41. Qe4 Qd2 42. Qc4 Qc3 43. Qe4 Kf8 44. Qf4 Ke8 45. Qe4 {Game drawn by
repetition} 1/2-1/2

[Event "Team 45 45 League T75"]
[Site "Internet Chess Club"]
[Date "2018.01.30"]
[Round "6"]
[White "ILRE"]
[Black "rubo"]
[Result "1/2-1/2"]
[WhiteElo "1621"]
[BlackElo "1581"]
[Opening "Queen's pawn game"]
[ECO "A45"]
[Time "17:00:40"]
[TimeControl "2700+45"]

1. d4 Nf6 2. c3 g6 3. Nf3 Bg7 4. Bg5 Ne4 5. Bf4 c5 6. e3 Qb6 7. Qb3 cxd4 8. Qxb6
axb6 9. exd4 d6 10. Nbd2 Nxd2 11. Kxd2 Bg4 12. Be2 Nd7 13. h3 Bxf3 14. Bxf3 e5
15. dxe5 dxe5 16. Be3 O-O 17. Ke2 Nc5 18. Bxc5 bxc5 19. Be4 Rfd8 20. Rhd1 Rxd1
21. Kxd1 f5 22. Bd5+ Kf8 23. Ke2 Rd8 24. Bb3 b5 25. Rd1 Rxd1 26. Kxd1 c4 27. Bc2
e4 28. a4 bxa4 29. Bxa4 Ke7 30. Bb5 g5 31. Bxc4 f4 32. Bd5 e3 33. fxe3 fxe3 34.
Bf3 Be5 35. Kc2 Kd6 36. Kd3 Kc5 37. b3 Bf4 38. Bg4 h6 39. Bf3 Be5 {Game drawn by
mutual agreement} 1/2-1/2

[Event "Team 45 45 League T75"]
[Site "Internet Chess Club"]
[Date "2018.01.26"]
[Round "6"]
[White "zethhon"]
[Black "MartyJR"]
[Result "0-1"]
[WhiteElo "1374"]
[BlackElo "1461"]
[Opening "Queen's pawn game"]
[ECO "D02"]
[Time "08:30:21"]
[TimeControl "2700+45"]

1. d4 d5 2. Nf3 c6 3. Bf4 Nf6 4. e3 Qb6 5. Qc1 Nbd7 6. Bd3 e6 7. O-O c5 8. c3
Be7 9. Nbd2 O-O 10. Qc2 cxd4 11. cxd4 Qd8 12. Ng5 g6 13. Ngf3 b6 14. Qc6 Rb8 15.
Bxb8 Nxb8 16. Qc3 Bb7 17. Rac1 Bd6 18. Bb5 a6 19. Bd3 Qe7 20. a3 Nfd7 21. e4
dxe4 22. Bxe4 Nf6 23. Bxb7 Qxb7 24. d5 Nxd5 25. Qd4 Nc6 26. Qa4 b5 27. Qc2 Nce7
28. Ne4 Bf4 29. Rcd1 Rc8 30. Qe2 Qc7 31. g3 Bh6 32. Neg5 Qb6 33. Rc1 Rd8 34. Rc2
Nf5 35. Qe5 Bxg5 36. Nxg5 h6 37. Ne4 Nd4 38. Rd2 Nf3+ 39. Kg2 Nxe5 {White
resigns} 0-1

[Event "Team 45 45 League T75"]
[Site "Internet Chess Club"]
[Date "2018.01.28"]
[Round "6"]
[White "BrianWood"]
[Black "g8wrb"]
[Result "1/2-1/2"]
[WhiteElo "1518"]
[BlackElo "1336"]
[Opening "Catalan opening"]
[ECO "E00"]
[Time "16:03:26"]
[TimeControl "2700+45"]

1. d4 e6 2. c4 Nf6 3. g3 Bb4+ 4. Bd2 a5 5. Bg2 d5 6. Nf3 O-O 7. O-O Nc6 8. Qc2
Bd7 9. a3 Bd6 10. Rc1 b6 11. Bg5 h6 12. Bxf6 Qxf6 13. e3 Rac8 14. Nbd2 Rfe8 15.
cxd5 exd5 16. Qd1 Ne7 17. e4 dxe4 18. Nxe4 Qg6 19. Nxd6 cxd6 {Game drawn by
mutual agreement} 1/2-1/2